 Dungeon Sprint DCSS version 0.21-a0-72-gbbb65ab (webtiles) character file.

49 Kidiri the Ducker (level 3, -11/29 HPs)
             Began as a Merfolk Transmuter on June 20, 2017.
             Was a Priest of Wu Jian.
             Killed from afar by a deep elf mage (34 damage)
             ... with a bolt of negative energy
             ... in the Dungeon (Sprint VII: "The Pits").
             The game lasted 00:03:34 (508 turns).

Kidiri the Ducker (Merfolk Transmuter)               Turns: 508, Time: 00:03:35

Health: -11/29     AC:  2    Str: 11    XL:     3   Next: 77%
Magic:  3/7        EV: 22    Int: 12    God:    Wu Jian [***...]
Gold:   0          SH:  0    Dex: 19    Spells: 4/8 levels left

rFire    . . .     SeeInvis .     - Unarmed
rCold    . . .     Gourm    .   (shield currently unavailable)
rNeg     . . .     Faith    .   (armour currently unavailable)
rPois    x         Spirit   .   (helmet currently unavailable)
rElec    .         Reflect  .   (cloak currently unavailable)
rCorr    .         Harm     .   (gloves currently unavailable)
MR       .....     NoTele   +   (boots currently unavailable)
Stlth    ++........             (no amulet)
HPRegen  0.09/turn              (no ring)
MPRegen  0.10/turn              (no ring)

@: spider-form (expiring), drained
A: (change form in water), (swift swim), (stealthy swim)
a: End Transformation, Renounce Religion


You were in the Dungeon.
You worshipped Wu Jian.
Wu Jian was most pleased with you.
You were not hungry.
You were a venomous arachnid creature.
You visited 1 branch

Inventory:

Missiles
 a - 12 arrows
Armour
 b - a +0 robe (melded)
Scrolls
 j - a scroll of blinking
 l - 3 scrolls of remove curse
 m - 5 scrolls of amnesia
 n - a scroll of summoning
Potions
 e - 5 potions of curing
 f - 5 potions of heal wounds
 g - a potion of haste
 h - 4 potions of magic
 i - 3 potions of berserk rage
 k - 2 potions of invisibility
Books
 c - a book of Changes

   Spells                             Type                      Level
   a - Beastly Appendage              Transmutation                1
   b - Sticks to Snakes               Transmutation                2
   c - Spider Form                    Transmutation/Poison         3
   d - Ice Form                       Ice/Transmutation            4
   e - Blade Hands                    Transmutation                5
Comestibles
 d - 8 bread rations
 o - 40 fruits
 p - 7 meat rations
 q - a chunk of flesh


   Skills:
 * Level 3.1(2.5) Fighting
 + Level 1.2(0.6) Armour
 * Level 4.5(3.8) Dodging
 * Level 2.6(2.0) Stealth
 * Level 4.3(3.6) Unarmed Combat
 * Level 3.0(2.4) Spellcasting
 * Level 4.4(3.7) Transmutations
 + Level 0.9(0.3) Poison Magic


You had 4 spell levels left.
You knew the following spells:

 Your Spells              Type           Power        Failure   Level  Hunger
a - Beastly Appendage     Tmut           ##....       16%         1    ##.....
b - Spider Form           Tmut/Pois      #.........   54%         3    ####...


Dungeon Overview and Level Annotations

Branches:
Dungeon (1/1)

Altars:
Ashenzari
Cheibriados
Dithmenos
Elyvilon
Fedhas
Gozag
Hepliaklqana
Kikubaaqudgha
Makhleb
Nemelex Xobeh
Okawaru
Qazlal
Ru
Sif Muna
Trog
Uskayaw
Vehumet
Wu Jian
Xom
Yredelemnul
Zin
The Shining One
Beogh
Jiyva
Lugonu


Message History

The ogre is lightly wounded.
The ogre misses you. The hellwing completely misses you.
The hellwing misses you.
Unknown command.
You spin and attack the hellwing.
You closely miss the hellwing.
The deep elf mage mumbles some strange words.
The deep elf mage blinks!
The hellwing closely misses you. The hellwing hits you.
Unknown command.
You spin and attack the hellwing.
You hit the hellwing.
The hellwing is poisoned.
The hellwing is lightly wounded.
Your transformation is almost over.
The hellwing hits you. The hellwing barely misses you.
Unknown command.
You closely miss the deep elf mage.
The deep elf mage gestures at you while chanting.
The bolt of negative energy hits you!
You feel drained.
Ouch! That really hurt!
You die...

#.#####+#####...<...#
#.#...)))[.##.......#
#.#...)))[.##.......#
#'###########.......#
#..).†..# #########
#..#.#..# #.##§##.#
#...4O..# #.##s##.#
#..#e# # #.....
#######


You could see a hellwing, a deep elf mage and an ogre.

Vanquished Creatures
  A worker ant (D)
  A river rat (D)
  An ooze (D)
  A leopard gecko (D)
  A giant cockroach (D)
  A goblin (D)
  A hobgoblin (D)
  2 kobolds (D)
  2 quokkas (D)
  A ball python (D)
  A frilled lizard (D)
  A rat (D)
14 creatures vanquished.

Notes
Turn   | Place    | Note
-------+----------+-------------------------------------------
     0 | D        | Kidiri the Merfolk Transmuter began the quest for the Orb.
     0 | D        | Reached XP level 1. HP: 15/15 MP: 3/3
    49 | D        | Found a bloodstained altar of Trog.
    49 | D        | Found a deep blue altar of Sif Muna.
    49 | D        | Found a viscous altar of Jiyva.
    49 | D        | Found a hazy altar of Hepliaklqana.
    49 | D        | Found an opulent altar of Gozag.
    50 | D        | Found a glowing golden altar of the Shining One.
    50 | D        | Found a glowing silver altar of Zin.
    50 | D        | Found a basalt altar of Yredelemnul.
    50 | D        | Found a shimmering altar of Xom.
    50 | D        | Found an ornate altar of the Wu Jian Council.
    50 | D        | Found a sacrificial altar of Ru.
    50 | D        | Found a stormy altar of Qazlal.
    50 | D        | Found an iron altar of Okawaru.
    50 | D        | Found a sparkling altar of Nemelex Xobeh.
    50 | D        | Found a burning altar of Makhleb.
    50 | D        | Found a blossoming altar of Fedhas.
    50 | D        | Found a white marble altar of Elyvilon.
    50 | D        | Found a shadowy altar of Dithmenos.
    50 | D        | Found a snail-covered altar of Cheibriados.
    52 | D        | Found a radiant altar of Vehumet.
    52 | D        | Found a corrupted altar of Lugonu.
    52 | D        | Found a roughly hewn altar of Beogh.
    53 | D        | Found a hide-covered altar of Uskayaw.
    53 | D        | Found an ancient bone altar of Kikubaaqudgha.
    53 | D        | Found a shattered altar of Ashenzari.
    59 | D        | Became a worshipper of the Wu Jian Council
    82 | D        | Noticed a worker ant
    89 | D        | Reached * piety under Wu Jian
   213 | D        | Killed a worker ant
   213 | D        | Reached skill level 1 in Armour
   213 | D        | Reached XP level 2. HP: 12/23 MP: 2/5
   213 | D        | Reached XP level 3. HP: 15/28 MP: 2/7
   229 | D        | Learned a level 3 spell: Spider Form
   426 | D        | Reached ** piety under Wu Jian
   494 | D        | Reached *** piety under Wu Jian
   497 | D        | Noticed a deep elf mage
   498 | D        | Noticed a hellwing
   502 | D        | Noticed an ogre
   508 | D        | Killed from afar by a deep elf mage

Vault maps used:
D:        pitsprint

Skill      XL: |  1  2  3 |
---------------+----------+-----
Transmutations | 4 |  4.4
Dodging        | 4 |  4.5
Fighting       | 2 3 |  3.1
Armour         | 1 |  1.2
Stealth        | 2 |  2.6
Unarmed Combat | 4 |  4.3
Spellcasting   | 3 |  3.0
Poison Magic   | |  0.9

Action                   || total
-------------------------++-------
Melee: Unarmed           ||    42
       Headbutt          ||     3
 Cast: Beastly Appendage ||     3
       Spider Form       ||     3
  Use: Potion            ||     2
 Stab: Sleeping          ||     2
Armor: Robe              ||     1
       Skin              ||     2
Dodge: Dodged            ||    34
